 Dungeon Crawl Stone Soup version 0.30-a0-715-gdb4ae3ece1 (webtiles) character file.

Game seed: 8301548384504444764

1064 tilp the Trooper (level 8, -7/69 HPs)
             Began as a Meteoran Fighter on Jan 24, 2023.
             Shot with a bolt by an orc warrior (16 damage)
             ... on level 5 of the Dungeon.
             The game lasted 00:12:02 (2212 turns).

tilp the Trooper (Meteoran Fighter)                 Turns: 2212, Time: 00:12:02

Health: -7/69      AC:  9    Str: 17    XL:     8   Next: 82%
Magic:  9/9        EV: 16    Int: 10    God:
Gold:   171        SH:  5    Dex: 16    Spells: 7/7 levels left

rFire   . . .      SeeInvis .    a - +1 long sword
rCold   . . .      Faith    .    c - +0 buckler
rNeg    . . .      Spirit   .    o - +0 scale mail
rPois   .          Reflect  .    s - +0 helmet
rElec   .          Harm     .    (no cloak)
rCorr   .          Rampage  .    m - +0 pair of gloves
Will    +....                    (no boots)
Stlth   +                        (no amulet)
HPRegen 0.31/turn                h - +5 ring of evasion
MPRegen 0.11/turn                k - ring of flight

@: flying, glowing
A: sense surroundings 1, otherworldly, glowing, explore regen
a: no special abilities


You were on level 5 of the Dungeon.
You visited 1 branch of the dungeon, and saw 6 of its levels.

You collected 265 gold pieces.
You spent 94 gold pieces at shops.

Inventory:

Hand Weapons
 a - a +1 long sword (weapon)
 b - a +4 dagger of venom
Missiles
 e - 48 stones
 g - 9 poisoned darts (quivered)
 t - 3 boomerangs
Armour
 c - a +0 buckler (worn)
 m - a +0 pair of gloves (worn)
 o - a +0 scale mail (worn)
 s - a +0 helmet (worn)
Jewellery
 h - a +5 ring of evasion (left hand)
 k - a ring of flight (right hand)
 r - a ring of wizardry
Scrolls
 f - a scroll of torment
 i - 3 scrolls of teleportation
 j - 2 scrolls of enchant weapon
 v - a scroll of identify
Potions
 l - 2 potions of curing
 n - a potion of lignification
 p - a potion of ambrosia
 w - a potion of flight {unknown}


   Skills:
 * Level 5.5 Fighting
 + Level 4.9 Long Blades
 + Level 3.5 Throwing
 + Level 4.9 Armour
 + Level 4.9 Dodging
 * Level 3.5 Stealth
 - Level 4.0 Shields


You had 7 spell levels left.
You didn't know any spells.
Your spell library was empty.

Dungeon Overview and Level Annotations

Branches:
Dungeon (6/15) Zot: 1309
 Temple: D:4-7

Altars:
Ashenzari
Gozag
Vehumet
Xom

Shops:
D:4 [

Annotations:
D:5 Eustachio


Innate Abilities, Weirdness & Mutations

You passively map a small area around you.
You are easily found by Zot.
You glow in the dark.
You regain HP and MP as you explore.


Message History

Unknown command.
Unknown command.
As you read the scroll of summoning, it crumbles to dust.
Wisps of shadow whirl around you...
The orc priest hits your orc with a +3 short sword.
Your orc dies!
Your orc's corpse dissolves into shadows!
The shadow imp hits you but does no damage.
The orc warrior attacks as you move away!
The orc warrior unwields a +0 arbalest.
The orc warrior wields a +0 trident.
The orc warrior hits you with a +0 trident.
* * * LOW HITPOINT WARNING * * *
The orc warrior hits you from afar with a +0 trident.
* * * LOW HITPOINT WARNING * * *
Your adder closely misses the shadow imp.
The orc priest hits your orc with a +3 short sword.
Your orc hits the orc warrior but does no damage.
Your orc barely misses the shadow imp.
Your orc hits the orc priest with a +0 dagger.
You block the shadow imp's attack.
Unknown command.
You swap places.
Your adder bites the shadow imp.
The shadow imp is poisoned.
Your adder poisons the shadow imp!
The orc warrior unwields a +0 trident.
The orc warrior wields a +0 arbalest.
The orc warrior shoots a bolt.
The bolt completely misses your orc. The bolt hits you!
* * * LOW HITPOINT WARNING * * *
Your orc hits the orc warrior with a +0 dagger.
The orc priest hits your orc with a +3 short sword!
Your orc dies!
Your orc's corpse dissolves into shadows!
Your orc closely misses the orc warrior.
Your orc hits the shadow imp with a +0 war axe.
Your orc hits the orc priest with a +0 dagger.
The orc priest dies!
The shadow imp hits your orc.
Unknown command.
You swap places.
Your adder bites the shadow imp.
The orc warrior shoots a bolt.
The bolt barely misses your orc. The bolt hits you!
You die...

,* , #. * ##..#.# **.### ## ,
#.#* ##h....# #. ,, #.#
##.o##### ##+## #. ##.# #...#
##...## #. .#...........#o###
##.....###. .....##.#####.#.##
##.......##.
....###.#####ho5S####.........#.
...........<.oool...'.........'.
,....##.#####..@.####.........#.
#. #.##.# #.#.## ##.......###
##.##.##r# #.### ##.....##
.§.§.r...# #.# ##...#####
§≈≈.#.#### #.## ##.......
§.≈.#.# #..# #.###### §.≈.#.#
##.######## #.# §.≈.#.#
#........###.###### ≈.§.#.#
#..#####.##...#....


You could see an orc warrior (ally target), a hound, a shadow imp (distracted,
poisoned, ally target), a friendly iguana (summoned), a friendly adder
(summoned) and 4 friendly orcs.

Vanquished Creatures
  A water moccasin (D:5)
  2 ogres (D:5)
  A kobold brigand (D:3)
  2 phantoms (D:5)
  3 scorpions
  A necrophage (D:3)
  2 hounds (D:5)
  2 iguanas (D:5)
  12 adders
  3 gnolls (D:4)
  A white imp (D:5)
  2 dart slugs
  2 worms (D:2)
  2 orcs (D:5)
  4 ball pythons
  5 endoplasms
  2 giant cockroaches
  3 goblins
  2 hobgoblins
  2 quokkas
  A frilled lizard (D:2)
  2 kobolds (D:4)
  5 rats
62 creatures vanquished.

Vanquished Creatures (collateral kills)
  An orc priest (D:5)
1 creature vanquished.

Grand Total: 63 creatures vanquished

Notes
Turn   | Place    | Note
-------+----------+-------------------------------------------
     0 | D:1      | tilp the Meteoran Fighter began the quest for the Orb.
     0 | D:1      | Reached XP level 1. HP: 19/19 MP: 2/2
   142 | D:1      | Reached XP level 2. HP: 26/26 MP: 3/3
   154 | D:1      | You fall into a shaft and drop 1 floor!
   231 | D:2      | Reached skill level 1 in Dodging
   279 | D:2      | Reached XP level 3. HP: 31/31 MP: 4/4
   329 | D:1      | Found a faded altar of an unknown god.
   482 | D:2      | Reached XP level 4. HP: 38/38 MP: 5/5
   606 | D:3      | Reached skill level 1 in Throwing
   609 | D:3      | Found an opulent altar of Gozag.
   699 | D:4      | Noticed a necrophage
   712 | D:3      | Killed a necrophage
   713 | D:3      | Reached skill level 1 in Stealth
   713 | D:3      | Reached XP level 5. HP: 36/46 MP: 6/6
   717 | D:4      | Found a broken altar of Ashenzari.
   991 | D:3      | Noticed a kobold brigand
  1018 | D:3      | Killed a kobold brigand
  1019 | D:3      | Reached XP level 6. HP: 35/52 MP: 7/7
  1236 | D:5      | Entered Level 5 of the Dungeon
  1253 | D:4      | Reached skill level 4 in Fighting
  1430 | D:4      | Reached XP level 7. HP: 59/59 MP: 8/8
  1485 | D:4      | Found Jiones's Antique Armour Shop.
  1488 | D:4      | Bought a helmet for 94 gold pieces
  1594 | D:6      | Noticed a water moccasin
  1604 | D:5      | Killed a water moccasin
  1820 | D:5      | Found a radiant altar of Vehumet.
  1841 | D:5      | Noticed Eustachio
  2054 | D:5      | Found a shimmering altar of Xom.
  2067 | D:5      | Reached XP level 8. HP: 67/67 MP: 9/9
  2084 | D:5      | Reached skill level 5 in Fighting
  2212 | D:5      | Shot with a bolt by an orc warrior

Illustrated notes

Levels and vault maps discovered:
D:1:      dpeg_arrival_circle_labyrinth_a, layout_basic,
          chequers_ecumenical_altar_simple, chequers_serial_rivers_micro_e
D:2:      layout_loops_cross, guppyfry_early_lair_pool
D:3:      layout_loops_ring, nicolae_gozag_seed_capital, uniq_ijyb
D:4:      layout_gridville, mainiacjoe_overflow_catwalk, serial_shops,
          nicolae_shop_behind_doors, hangedman_decor_growths,
          minmay_misc_feat_tower, kennysheep_generic_room_12
D:5:      layout_loops_corners, xom_confusion_cloud,
          mainiacjoe_overflow_concentric_impassable,
          minmay_manual_mandibuliform, uniq_eustachio
D:6:      layout_basic, gammafunk_temple_overflow_statue,
          nicolae_dithmenos_through_a_glass_darkly, minmay_temple_entry_fiery,
          uniq_sigmund

Skill      XL: |  1  2  3  4  5  6  7  8 |
---------------+-------------------------+-----
Dodging        | 1 2 3 4 |  4.9
Shields        | 4 |  4.0
Armour         | 4 |  4.9
Throwing       | 1 2 3 |  3.5
Long Blades    | 3 4 |  4.9
Stealth        | 1 2 3 |  3.5
Fighting       | 4 5 |  5.5

Action                     |  1- 3 |  4- 6 |  7- 9 || total
---------------------------+-------+-------+-------++-------
  Melee: Long sword        |    47 |   104 |   143 ||   294
  Throw: Stone             |     2 |     1 |       ||     3
         Dart              |       |       |     1 ||     1
    Use: Potion            |     1 |       |     2 ||     3
         Scroll            |     4 |     5 |     2 ||    11
 Armour: Scale mail        |    23 |    38 |    97 ||   158
  Dodge: Dodged            |    21 |    46 |   160 ||   227
  Block: Buckler           |    14 |    33 |    67 ||   114

Table legend: (Time is in decaauts)
 A = Elapsed time spent in this place.
 B = Non-inter-level travel time spent in this place.
 C = Inter-level travel time spent in this place.
 D = Time resting spent in this place.
 E = Time spent auto-exploring this place.
 F = Levels seen in this place.
 G = Mean time per level.
                   A        B        C        D        E       F      G
               +--------+--------+--------+--------+--------+-----+--------+
         Total |   2289 |   1962 |    327 |      0 |      0 |   6 |  381.5 |
       Dungeon |   2289 |   1962 |    327 |      0 |      0 |   6 |  381.5 |
               +--------+--------+--------+--------+--------+-----+--------+

Top non-repeatable levels by time:
     D:5: 665 daAuts
     D:3: 609 daAuts
     D:4: 488 daAuts
     D:1: 268 daAuts
     D:2: 254 daAuts
     D:6: 4 daAuts
